AoeStats
← Augustoso5906

Black Forest

508547275Analyzed
2v2 RM · 9d ago on Sep 23, 2026· 65m 54s· 4 players
Game mode
Random Map
Map size
Medium (4 player)
Population
200
Speed
Normal
Resources
Standard
Victory
Conquest
Starting age
Dark Age
Ending age
Imperial Age
RankedLock teamsTeams togetherTeam positionsShared explorationLock speedFull tech treeHidden civsTurbo modeCheats
Victory
Defeat
🇺🇸 Britons · United States
812
+15
🇺🇸 Persians · United States
777
+15
🇷🇺 Vietnamese · Russia
782
-15
🇧🇷 Persians · Brazil
774
-15
F⇄LUCK
0:37 Loom
14:12 Feudal Age
14:52 Fishing Lines
15:50 Horse Collar
24:43 Castle Age
22:35 Double-Bit Axe
23:00 Gold Mining
23:05 Stone Mining
26:44 Gillnets
29:29 Stone Shaft Mining
30:52 Wheelbarrow
30:39 Heavy Plow
31:07 Caravan
32:05 Bow Saw
32:17 Hand Cart
35:54 Imperial Age
33:14 Town Watch
35:09 Ballistics
35:06 Fortified Wall
34:50 Fletching
35:20 Masonry
34:52 Treadmill Crane
35:09 Murder Holes
35:24 Padded Archer Armor
35:36 Forging
35:27 Scale Mail Armor
35:34 Scale Barding Armor
35:40 Chatras
36:13 Elite Rattan Archer
37:33 Hoardings
37:25 Paper Money
36:26 Elite Rattan Archer
37:43 Hoardings
37:11 Town Patrol
38:25 Two-Man Saw
37:41 Bodkin Arrow
38:01 Leather Archer Armor
38:12 Chain Barding Armor
38:55 Chemistry
39:49 Siege Engineers
39:30 Arrowslits
39:51 Bracer
40:23 Ring Archer Armor
40:30 Plate Barding Armor
40:33 Iron Casting
40:29 Devotion
40:31 Herbal Medicine
43:44 Squires
43:04 Pikeman
43:32 Arson
45:18 Chain Mail Armor
44:34 Elite Battle Elephant
45:17 Husbandry
45:28 Bloodlines
47:38 Plate Mail Armor
51:45 Light Cavalry
56:09 Elite Skirmisher
56:55 Thumb Ring
63:56 Imperial Skirmisher
Augustoso5906
11:57 Feudal Age
13:12 Wheelbarrow
12:21 Horse Collar
12:57 Double-Bit Axe
19:18 Castle Age
18:33 Padded Archer Armor
18:24 Fletching
18:36 Gold Mining
18:37 Stone Mining
20:20 Hand Cart
21:15 Caravan
24:03 Bow Saw
24:05 Heavy Plow
26:31 Gold Shaft Mining
26:36 Stone Shaft Mining
29:25 Ballistics
29:08 Bodkin Arrow
29:29 Leather Archer Armor
33:30 Imperial Age
31:23 Thumb Ring
32:20 Crossbowman
33:57 Scale Barding Armor
34:07 Forging
34:29 Ring Archer Armor
35:03 Capped Ram
36:07 Chain Barding Armor
37:11 Two-Man Saw
36:44 Crop Rotation
37:38 Conscription
37:22 Kamandaran
37:46 Elite War Elephant
39:39 Plate Barding Armor
40:26 Chemistry
41:44 Iron Casting
40:42 Siege Ram
44:32 Husbandry
55:53 Pikeman
56:34 Squires
57:04 Halberdier
59:26 Heavy Scorpion
mikemarino99
0:32 Loom
12:29 Feudal Age
17:07 Castle Age
15:15 Double-Bit Axe
15:51 Stone Mining
17:05 Horse Collar
21:53 Town Watch
23:52 Fortified Wall
25:07 Wheelbarrow
24:43 Treadmill Crane
26:41 Gold Mining
26:55 Heavy Plow
28:55 Fletching
29:59 Bodkin Arrow
31:15 Murder Holes
31:46 Ballistics
34:00 Imperial Age
31:29 Man-at-Arms
32:11 Squires
32:15 Scale Mail Armor
33:31 Gold Shaft Mining
33:11 Caravan
32:45 Long Swordsman
33:12 Gambesons
33:54 Hand Cart
33:48 Town Patrol
35:03 Two-Handed Swordsman
35:49 Padded Archer Armor
37:14 Conscription
37:58 Chemistry
37:11 Elite Longbowman
38:32 Bracer
38:57 Champion
39:24 Arson
39:53 Forging
41:14 Yeomen
40:24 Capped Ram
42:23 Leather Archer Armor
42:12 Pikeman
44:15 Ring Archer Armor
44:08 Halberdier
45:23 Siege Engineers
46:11 Hoardings
48:41 Chain Mail Armor
49:06 Iron Casting
49:47 Guard Tower
49:43 Arrowslits
53:19 Keep
52:40 Murder Holes
61:13 Blast Furnace
60:45 Plate Mail Armor
65:10 Elite Skirmisher
OGMudbone69
0:35 Loom
11:58 Feudal Age
20:13 Castle Age
18:31 Horse Collar
18:49 Double-Bit Axe
24:54 Bow Saw
28:05 Heavy Plow
29:37 Gold Mining
30:18 Fishing Lines
30:22 Pikeman
31:24 Squires
34:43 Imperial Age
32:51 Wheelbarrow
33:04 Scale Mail Armor
33:16 Forging
33:19 Town Watch
34:24 Halberdier
36:13 Two-Man Saw
36:08 Hand Cart
35:58 Town Patrol
36:36 Citadels
36:29 Stone Mining
38:10 Scale Barding Armor
38:40 Iron Casting
39:08 Crop Rotation
38:40 Gillnets
38:23 Elite War Elephant
41:35 Blast Furnace
40:56 Chain Barding Armor
41:26 Hoardings
41:33 Gold Shaft Mining
41:36 Stone Shaft Mining
44:54 Chemistry
43:50 Murder Holes
44:38 Conscription
44:51 Chain Mail Armor
45:12 Plate Barding Armor
45:09 Masonry
45:55 Caravan
51:47 Man-at-Arms
53:04 Plate Mail Armor
54:29 Long Swordsman
56:38 Arson
59:28 Capped Ram
Connection lost

Rejoining the realm…

Still unreachable

The connection could not be restored.

Session expired

The server has moved on; the page needs a fresh start.